 Dungeon Crawl Stone Soup version 0.21.1-1-g345015fe64 (webtiles) character file.

2875 Kejsarherre the Cleaver (level 9, -1/85 HPs)
             Began as a Deep Dwarf Fighter on May 13, 2018.
             Was a Follower of Makhleb.
             Slain by a hornet (7 damage)
             ... on level 9 of the Dungeon.
             The game lasted 00:07:10 (5185 turns).

Kejsarherre the Cleaver (Deep Dwarf Fighter)        Turns: 5185, Time: 00:07:10

Health: -1/85      AC: 12    Str: 27    XL:     9   Next: 47%
Magic:  8/8        EV: 11    Int: 10    God:    Makhleb [*.....]
Gold:   470        SH:  0    Dex: 12    Spells: 8/8 levels left

rFire    . . .     SeeInvis .   r - +0 war axe
rCold    . . .     Gourm    .   (no shield)
rNeg     . . .     Faith    .   t - +0 chain mail
rPois    .         Spirit   .   (no helmet)
rElec    .         Reflect  .   q - +0 cloak
rCorr    .         Harm     .   h - +0 pair of gloves
MR       +....                  (no boots)
Stlth    ..........             (no amulet)
HPRegen  0.00/turn              (no ring)
MPRegen  0.11/turn              (no ring)

@: mighty, lethally poisoned (-1 -> -2), non-regenerating, slowed, very slow
A: damage resistance, heal wounds, sense surroundings 2, no regeneration
a: Heal Wounds, Renounce Religion


You were on level 9 of the Dungeon.
You worshipped Makhleb.
Makhleb was aware of your devotion.
You were hungry.

You visited 1 branch of the dungeon, and saw 9 of its levels.

You collected 470 gold pieces.

Inventory:

Hand Weapons
 r - a +0 war axe (weapon)
Armour
 h - a +0 pair of gloves (worn)
 q - a +0 cloak (worn)
 t - a +0 chain mail (worn)
Jewellery
 s - an uncursed amulet of magic regeneration {unknown}
 y - a +4 ring of strength {unknown}
Wands
 x - a wand of scattershot (3)
 B - a wand of digging (9)
 G - a wand of acid (9)
Scrolls
 b - a scroll of blinking {unknown}
 e - 6 scrolls of remove curse {unknown}
 g - 6 scrolls of identify {unknown}
 i - 2 scrolls of enchant armour {unknown}
 j - 3 scrolls of noise {unknown}
 l - a scroll of teleportation {unknown}
 m - 2 scrolls of enchant weapon {unknown}
 p - 2 scrolls of random uselessness {unknown}
 u - a scroll of immolation {unknown}
 C - 2 scrolls of amnesia {unknown}
 F - a scroll of torment {unknown}
Potions
 a - 3 potions of heal wounds
 c - a potion of flight {unknown}
 d - 2 potions of might
 k - 2 potions of cancellation {unknown}
 n - 2 potions of lignification {unknown}
 v - 3 potions of haste {unknown}
 w - 2 potions of agility {unknown}
 z - a potion of berserk rage {unknown}
 A - a potion of mutation {unknown}
 D - a potion of curing {unknown}
Books
 E - a book of Clouds

   Spells                             Type                      Level
   a - Poisonous Vapours              Poison/Air                   2
   b - Mephitic Cloud                 Conjuration/Poison/Air       3
   c - Conjure Flame                  Conjuration/Fire             3
   d - Freezing Cloud                 Conjuration/Ice/Air          6
   e - Ring of Flames                 Charms/Fire                  7
Miscellaneous
 o - a phial of floods (inert)
Comestibles
 f - 17 rations


   Skills:
 + Level 6.8 Fighting
 + Level 8.4 Axes
 * Level 6.0 Armour
 * Level 4.8 Dodging
   Level 3.2 Shields
 * Level 2.2 Invocations
 - Level 6.4 Evocations


You had 8 spell levels left.
You didn't know any spells.

Dungeon Overview and Level Annotations

Branches:
Dungeon (9/15)             Temple (0/1) D:6
   Lair: D:8-11         Orc: D:9-12

Altars:
Gozag
Makhleb
Qazlal
Sif Muna
Zin

Shops:
D:5 *


Innate Abilities, Weirdness & Mutations

You are resistant to damage.
You can heal yourself by infusing magical energy.
You passively map the area around you.
You do not regenerate.


Message History

Unknown command.
Unknown command.
You feel much better.
You feel very sick. The hornet closely misses you. The hornet stings you!
* * * LOW HITPOINT WARNING * * *
You feel as though you will be slow longer.
The hornet misses you.
You hit the hornet.
The hornet is almost dead.
You feel very sick. The hornet barely misses you. The hornet stings you!
* * * LOW HITPOINT WARNING * * *
You feel as though you will be slow longer.
Unknown command.
You closely miss the hornet.
The hornet is almost dead.
You feel very sick. The hornet stings you!
You die...

,, , ≈ ≈ *
####.. ≈ ≈
###....#####
#......!...#
* **
#(.........#
#..^.......#
#..........+
, ,
#....y.....#*
#....@.....#
#..........#
#:.........#
#..........#
#..........#
############


You could see a hornet.

Vanquished Creatures
  Pikel (D:4)
  Grinder (D:5)
  Prince Ribbit (D:8)
  Sigmund (D:3)
  Menkaure (D:5)
  A sky beast (D:2)
  6 ogres
  A phantom (D:4)
  The ghost of Kejsarherre the Cudgeler, an amateur DsGl (D:4)
  A bullfrog (D:7)
  A scorpion (D:6)
  A howler monkey (D:4)
  2 crimson imps
  A centaur zombie (D:5)
  A quasit (D:6)
  A hound (D:7)
  Crazy Yiuf (D:2)
  2 bullfrog skeletons
  3 orc wizards
  A centaur skeleton (D:8)
  A gnoll shaman (D:7)
  An iguana (D:4)
  7 worker ants
  A hound skeleton (D:6)
  4 adders
  3 gnolls (D:7)
  2 shadow imps
  An ooze (D:1)
  2 adder zombies
  A worm (D:6)
  A dart slug (D:5)
  3 leopard geckos
  10 orcs
  5 giant cockroaches
  9 goblins
  4 hobgoblins
  2 jackals (D:1)
  A quokka (D:7)
  2 ball pythons
  7 bats
  7 frilled lizards
  A jackal skeleton (D:4)
  5 kobolds
  8 rats
117 creatures vanquished.

Vanquished Creatures (collateral kills)
  An ogre (D:7)
1 creature vanquished.

Vanquished Creatures (others)
  A slave (D:4)
  An ogre (D:4)
  An orc (D:4)
  2 quokkas (D:4)
  A ball python (D:4)
6 creatures vanquished.

Grand Total: 124 creatures vanquished

Notes
Turn   | Place    | Note
-------+----------+-------------------------------------------
     0 | D:1      | Kejsarherre the Deep Dwarf Fighter began the quest for the Orb.
     0 | D:1      | Reached XP level 1. HP: 20/20 MP: 1/1
   192 | D:1      | Reached XP level 2. HP: 25/28 MP: 2/2
   402 | D:1      | Reached skill level 3 in Axes
   415 | D:1      | Reached XP level 3. HP: 25/34 MP: 3/3
   633 | D:2      | Noticed a sky beast
   647 | D:2      | Killed a sky beast
   647 | D:2      | Reached skill level 4 in Axes
   647 | D:2      | Reached XP level 4. HP: 30/44 MP: 4/4
   667 | D:2      | Found a stormy altar of Qazlal.
   773 | D:2      | Found a glowing silver altar of Zin.
   775 | D:2      | Found a transporter.
   804 | D:2      | Reached XP level 5. HP: 34/50 MP: 5/5
   816 | D:2      | Found a transporter.
   829 | D:2      | Reached skill level 5 in Axes
   904 | D:2      | Found a runed door.
  1031 | D:2      | Noticed Crazy Yiuf
  1040 | D:2      | Paralysed by Crazy Yiuf for 6 turns
  1050 | D:2      | Killed Crazy Yiuf
  1251 | D:3      | Reached skill level 1 in Evocations
  1300 | D:3      | Noticed Sigmund
  1314 | D:3      | Killed Sigmund
  1314 | D:3      | Reached XP level 6. HP: 33/58 MP: 6/8
  1405 | D:4      | Noticed a slave
  1406 | D:4      | Noticed Pikel
  1408 | D:4      | Noticed a slave
  1408 | D:4      | Noticed a slave
  1411 | D:4      | Noticed a slave
  1424 | D:4      | Killed Pikel
  1424 | D:4      | Reached skill level 5 in Fighting
  1424 | D:4      | Reached skill level 6 in Axes
  1424 | D:4      | Reached XP level 7. HP: 29/67 MP: 8/10
  1433 | D:4      | Reached skill level 5 in Evocations
  1444 | D:4      | Reached skill level 7 in Axes
  1502 | D:4      | Found an opulent altar of Gozag.
  1508 | D:4      | Reached XP level 8. HP: 58/75 MP: 11/11
  1879 | D:4      | Noticed Kejsarherre's ghost (amateur DsGl)
  1888 | D:4      | Killed Kejsarherre's ghost
  2237 | D:5      | Entered Level 5 of the Dungeon
  2303 | D:5      | Found a burning altar of Makhleb.
  2334 | D:5      | Became a worshipper of Makhleb the Destroyer
  2412 | D:5      | Reached skill level 1 in Dodging
  2666 | D:5      | Found Puosuol's General Store.
  2755 | D:5      | Found a burning altar of Makhleb.
  2781 | D:5      | Noticed Menkaure
  2782 | D:5      | Noticed Grinder
  2792 | D:5      | Killed Menkaure
  2798 | D:5      | Paralysed by Grinder for 3 turns
  2803 | D:5      | Killed Grinder
  2803 | D:5      | Reached skill level 8 in Axes
  3318 | D:6      | Found a staircase to the Ecumenical Temple.
  3361 | D:6      | Gained mutation: You passively map the area around you. [Deep Dwarf growth]
  3361 | D:6      | Reached XP level 9. HP: 56/85 MP: 10/10
  3534 | D:6      | Reached skill level 5 in Armour
  3914 | D:7      | Reached * piety under Makhleb
  4519 | D:8      | Noticed Prince Ribbit
  4537 | D:8      | Killed Prince Ribbit
  4537 | D:8      | Reached skill level 1 in Invocations
  4825 | D:8      | Found a deep blue altar of Sif Muna.
  5158 | D:9      | Paralysed by a hornet for 3 turns
  5166 | D:9      | Paralysed by a hornet for 2 turns
  5170 | D:9      | Paralysed by a hornet for 3 turns
  5177 | D:9      | Paralysed by a hornet for 1 turns
  5185 | D:9      | Slain by a hornet

Skill      XL: |  1  2  3  4  5  6  7  8  9 |
---------------+----------------------------+-----
Fighting       | 3 4 5 6 |  6.8
Axes           | 3 4 5 6 7 8 |  8.4
Evocations     | 2 4 5 6 |  6.4
Dodging        | 3 4 |  4.8
Armour         | 4 6 |  6.0
Invocations    | 2 |  2.2
Shields        | |  3.2

Action                   |  1- 3 |  4- 6 |  7- 9 || total
-------------------------+-------+-------+-------++-------
Melee: War axe           |    82 |    89 |   322 ||   493
 Abil: Heal Wounds       |     1 |     2 |    18 ||    21
Evoke: Wand              |       |       |     1 ||     1
       Phial of floods   |       |       |     1 ||     1
  Use: Potion            |       |       |     5 ||     5
  Eat: Chunk             |       |     1 |     6 ||     7
       Ration            |       |       |     2 ||     2
Armor: Scale mail        |    57 |    46 |    17 ||   120
       Chain mail        |       |       |   172 ||   172
Dodge: Dodged            |    41 |    54 |   154 ||   249
Block: Shield            |     7 |       |       ||     7
